 Dungeon Crawl Stone Soup version 0.21-a0-552-g593960d (webtiles) character file.

75 polly the Cudgeler (level 4, -5/54 HPs)
             Began as a Demonspawn Berserker on Dec 18, 2017.
             Was a Believer of Trog.
             Killed by nerve-wracking pain
             ... invoked by Grinder
              (12 damage)
             ... on level 3 of the Dungeon.
             The game lasted 00:02:13 (2291 turns).

polly the Cudgeler (Demonspawn Berserker)           Turns: 2291, Time: 00:02:13

Health: -5/54      AC:  3    Str: 22    XL:     4   Next: 11%
Magic:  4/4        EV: 13    Int:  8    God:    Trog [**....]
Gold:   92         SH:  0    Dex: 14    Spells: 3/3 levels left

rFire    . . .     SeeInvis .   a - +0 mace
rCold    . . .     Gourm    .   (no shield)
rNeg     . . .     Faith    .   b - +0 animal skin
rPois    .         Spirit   .   (no helmet)
rElec    .         Reflect  .   (no cloak)
rCorr    .         Harm     .   (no gloves)
MR       .....                  (no boots)
Stlth    ..........             (no amulet)
HPRegen  0.18/turn              (no ring)
MPRegen  0.09/turn              (no ring)

@: confused, berserking (expiring), lethally poisoned (-5 -> -7), starving, very
quick
A: rugged brown scales 1
a: Berserk, Trog's Hand, Burn Spellbooks, Renounce Religion


You were on level 3 of the Dungeon.
You worshipped Trog.
Trog was pleased with you.
You were starving.

You visited 1 branch of the dungeon, and saw 3 of its levels.

You collected 92 gold pieces.

Inventory:

Hand Weapons
 a - a +0 mace (weapon)
Armour
 b - a +0 animal skin (worn)
Jewellery
 i - an uncursed ring of ice {unknown}
Scrolls
 e - 2 scrolls of remove curse {unknown}
 f - a scroll of blinking {unknown}
 g - 5 scrolls of identify {unknown}
 h - 2 scrolls of immolation {unknown}
 j - 2 scrolls of fog {unknown}
 l - 2 scrolls of fear {unknown}
 m - a scroll of enchant weapon {unknown}
 n - a scroll of enchant armour {unknown}
Potions
 o - a potion of haste {unknown}
Comestibles
 c - a bread ration
 d - a meat ration
 k - a fruit


   Skills:
 + Level 3.5 Fighting
 + Level 3.6 Maces & Flails
 + Level 2.0 Armour
 + Level 2.4 Dodging
 + Level 0.2 Stealth


You had 3 spell levels left.
You didn't know any spells.

Dungeon Overview and Level Annotations

Branches:
Dungeon (3/15)

Altars:

Annotations:
D:3 Grinder


Innate Abilities, Weirdness & Mutations

You are partially covered in rugged brown scales. (AC +1, +3% HP)


Message History

Grinder hits you!
* * * LOW HITPOINT WARNING * * *
You writhe in agony.
* * * LOW HITPOINT WARNING * * *
The rat bites you but does no damage.
Unknown command.
Unknown command.
Unknown command.
You miss Grinder.
Grinder is almost dead.
The adder bites you.
* * * LOW HITPOINT WARNING * * *
You are poisoned.
The adder poisons you! The orc wizard hits you with a dagger.
* * * LOW HITPOINT WARNING * * *
The orc barely misses you. The hobgoblin barely misses you.
The rat barely misses you. Grinder gestures at you.
Pain shoots through your body!
You die...

#. ##### #.#
.....###.###
#o........###
#.....<.....
.#.........#
.%.........#
#.....gSo<.#
#....oo@...#
##....r5...#
#.........#
...........#
###...>.####
...#.#.#
##.......
.....#..


You could see Grinder, an orc wizard, an adder, 3 orcs, a hobgoblin and a rat.

Vanquished Creatures
  3 adders (D:2)
  3 leopard geckos
  7 bats
  3 giant cockroaches
  6 hobgoblins
  4 jackals (D:1)
  2 kobolds
  3 frilled lizards
  5 goblins
  7 rats
43 creatures vanquished.

Notes
Turn   | Place    | Note
-------+----------+-------------------------------------------
     0 | D:1      | polly the Demonspawn Berserker began the quest for the Orb.
     0 | D:1      | Reached XP level 1. HP: 18/18 MP: 1/1
   317 | D:1      | Gained mutation: You are partially covered in rugged brown scales. (AC +1, +3% HP) [demonic ancestry]
   317 | D:1      | Reached XP level 2. HP: 7/24 MP: 2/2
  1027 | D:1      | Reached XP level 3. HP: 27/29 MP: 3/3
  1313 | D:2      | Reached ** piety under Trog
  1875 | D:2      | Reached XP level 4. HP: 9/36 MP: 4/4
  2272 | D:3      | Noticed Grinder
  2291 | D:3      | Killed from afar by Grinder

Vault maps used:
D:1:      onia_arrival_mini_maze, minmay_unequal
D:3:      nicolae_overflow_hidden_temple, first_bread, uniq_grinder,
          uniq_terence, uniq_crazy_yiuf_cottage

Skill      XL: |  1  2 |
---------------+-------+-----
Armour         | 2 |  2.0
Maces & Flails | 3 |  3.6
Dodging        | 2 |  2.4
Fighting       | |  3.5
Stealth        | |  0.2

Action                   |  1- 3 |  4- 6 || total
-------------------------+-------+-------++-------
Melee: Mace              |   137 |    25 ||   162
Invok: Berserk           |     1 |     1 ||     2
  Use: Potion            |     2 |       ||     2
 Stab: Sleeping          |     1 |     1 ||     2
  Eat: Chunk             |     3 |     1 ||     4
Armor: Animal skin       |    62 |    18 ||    80
Dodge: Dodged            |   163 |    35 ||   198

Table legend:
 A = Spawn XP
 B = Non-spawn XP
 C = Spawn XP percentage of total XP
 D = Spawn monster count
 E = Non-spawn monster count
 F = Spawn count percentage of total count
 G = Total turns spent on level
                    A         B        C        D         E        F      G
               +---------+---------+-------+---------+---------+-------+---------
         Total |       0 |     108 |   0.0 |       0 |      43 |   0.0 |  2291
               +---------+---------+-------+---------+---------+-------+---------
           D:1 |       0 |      45 |   0.0 |       0 |      25 |   0.0 |  1308
           D:2 |       0 |      63 |   0.0 |       0 |      18 |   0.0 |   964
               +---------+---------+-------+---------+---------+-------+---------
